Map: [ESL] Solaris

Players

DisReSpeCT

  • Race: Terran Terran
  • Spawn Location: 1:00

Vindicta - Winner!

  • Race: Terran Terran
  • Spawn Location: 7:00

Event: ESL SC2 Masters 2023 Winter (Finals)

VOD

Have the link to the VOD?

Description

Time

  • Played on: Dec. 15, 2023, 4:18 p.m.
  • Length: 15:54

All games in this series

Show
View Real Time Build Order
Export as new Build Order

DisReSpeCT Terran 

Build Orders: Cyclone Opening 

Get SALT Encoding   

  12  0:00  SCV  
  13  0:12  SCV  
  14  0:17  Supply Depot  
  14  0:24  SCV  
  15  0:38  SCV  
  15  0:39  Barracks  
  16  0:43  Refinery  
  16  0:50  SCV  
  16  0:52  Refinery  
  17  1:03  SCV  
  18  1:15  SCV  
  19  1:26  Reaper  
  19  1:27  Orbital Command  
  19  1:28  Supply Depot  
  20  1:42  Factory  
  20  1:52  SCV  
  21  1:58  Reaper  
  22  2:04  SCV  
  23  2:14  Command Center  
  23  2:22  SCV  
  24  2:26  Cyclone  
  26  2:31  Barracks Reactor  
  26  2:34  SCV  
  27  2:37  Supply Depot  
  27  2:47  SCV  
  28  2:53  Starport  
  28  2:59  SCV  
  28  3:05  Cyclone  
  30  3:11  SCV  
  30  3:12  Marine  
  31  3:15  Marine  
  32  3:20  Refinery  
  32  3:23  SCV  
  33  3:27  Orbital Command  
  33  3:30  Medivac  
  35  3:35  SCV  
  36  3:47  SCV  
  36  3:48  Cyclone x2  
  41  3:52  SCV  
  42  3:56  Barracks Tech Lab  
  42  3:59  SCV  
  42  4:02  Starport Tech Lab  
  43  4:03  Supply Depot  
  43  4:04  SCV  
  44  4:11  Supply Depot, SCV  
  44  4:16  SCV  
  46  4:18  Marine  
  46  4:20  Cyclone x2  
  46  4:24  Raven, Interference Matrix  
  53  4:25  SCV  
  54  4:32  SCV  
  54  4:34  Supply Depot  
  54  4:37  SCV  
  56  4:44  SCV  
  56  4:50  SCV  
  55  4:56  SCV  
  53  5:02  SCV  
  50  5:08  SCV  
  50  5:10  Command Center  
  50  5:11  Raven  
  54  5:15  SCV  
  54  5:20  SCV  
  56  5:27  SCV  
  56  5:29  Barracks  
  56  5:30  Barracks, Siege Tank  
  56  5:32  SCV  
  60  5:39  SCV  
  61  5:44  SCV  
  61  5:51  SCV  
  61  5:54  Stimpack, Marine  
  63  5:57  Viking x2  
  63  5:58  SCV  
  63  6:00  Engineering Bay  
  63  6:02  Engineering Bay  
  63  6:03  SCV, Refinery  
  69  6:12  Siege Tank, Marine  
  71  6:28  SCV x2  
  71  6:29  Terran Infantry Weapons Level 1, Terran Infantry Armor Level 1  
  71  6:30  Marine  
  67  6:33  Orbital Command  
  67  6:35  Barracks Reactor x2  
  67  6:40  SCV x2  
  67  6:42  Supply Depot  
  69  6:48  Viking x2  
  69  6:50  Marine  
  69  6:52  Siege Tank, SCV x2  
  79  6:58  Orbital Command  
  79  7:02  Supply Depot  
  79  7:04  SCV  
  79  7:05  SCV  
  79  7:08  Barracks, Marine  
  81  7:11  Barracks  
  82  7:16  Marine x4  
  82  7:17  SCV  
  87  7:25  SCV  
  87  7:27  SCV  
  87  7:29  SCV  
  90  7:30  Marine  
  90  7:31  Siege Tank, Medivac x2  
  90  7:33  Marine  
  99  7:37  SCV  
  99  7:39  SCV  
  101  7:45  Marine x2  
  101  7:46  Marine  
  101  7:47  SCV  
  101  7:48  Supply Depot, Marine  
  101  7:49  SCV  
  107  7:51  Marine, SCV  
  109  7:59  SCV  
  109  8:01  SCV  
  109  8:03  SCV, Medivac x2  
  109  8:05  Marine  
  109  8:06  Barracks Reactor x2  
  109  8:11  SCV  
  109  8:13  SCV  
  109  8:16  Barracks x3  
  109  8:18  Marine x2  
  109  8:19  Siege Tank, SCV  
  116  8:22  Refinery x2  
  116  8:23  Armory  
  116  8:26  SCV  
  117  8:27  Supply Depot  
  117  8:38  SCV  
  117  8:39  Marine  
  117  8:42  Marine x3, SCV  
  98  8:51  Siege Tank, Marine x4  
  98  8:52  SCV x2  
  98  8:54  SCV  
  96  9:00  Marine x3  
  96  9:01  Marine  
  100  9:04  SCV  
  100  9:05  SCV  
  100  9:07  Marine  
  100  9:08  SCV, Medivac x2  
  108  9:11  Terran Infantry Weapons Level 2  
  108  9:16  SCV  
  110  9:17  SCV  
  110  9:18  Terran Infantry Armor Level 2  
  110  9:20  SCV, Marine x5  
  116  9:24  Command Center  
  116  9:25  Supply Depot  
  116  9:29  SCV x2  
  116  9:30  Marine x4  
  122  9:33  SCV  
  123  9:42  Marine  
  123  9:48  Marine  
  123  9:49  Siege Tank, Medivac, Marine x4  
  123  9:50  SCV  
  133  9:54  Supply Depot x2  
  133  10:08  SCV  
  133  10:16  SCV x2, Marine x8  
  133  10:20  SCV  
  133  10:21  Barracks Tech Lab  
  130  10:30  Siege Tank, Medivac  
  130  10:31  SCV x2  
  130  10:32  SCV  
  130  10:34  Marine x2  
  135  10:39  Marine x3  
  138  10:43  Marine x2, SCV x2  
  138  10:44  Marine  
  138  10:45  SCV  
  144  10:50  Combat Shield  
  144  10:51  Marine x3  
  144  10:55  SCV x2  
  149  10:58  SCV, Marine  
  149  10:59  Marine  
  149  11:03  Marine x2  
  149  11:04  Siege Tank  
  154  11:07  SCV x2  
  154  11:10  SCV  
  154  11:11  Barracks x2  
  157  11:12  Barracks  
  157  11:21  SCV  
  157  11:22  SCV  
  157  11:23  Marine  
  157  11:25  SCV  
  157  11:26  Marine  
  157  11:27  Marine  
  157  11:29  Marine  
  154  11:33  SCV  
  154  11:34  Terran Infantry Weapons Level 3, Terran Infantry Armor Level 3, SCV  
  154  11:37  SCV  
  156  11:40  Terran Vehicle Weapons Level 1  
  156  11:43  Marine  
  157  11:55  Supply Depot  
  157  12:05  SCV, Marine x2  
  157  12:07  SCV x2, Marine x2  
  157  12:09  Marine x2  
  157  12:11  Siege Tank, Marine  
  157  12:12  Marine x4  
  153  12:17  SCV  
  153  12:19  Marine, SCV x2  
  143  12:23  Marine  
  143  12:26  Marine x3  
  143  12:27  Marine  
  143  12:28  Liberator x2  
  155  12:30  SCV  
  155  12:31  SCV x2  
  155  12:40  Marine x5  
  155  12:43  Siege Tank  
  164  12:47  Marine x4  
  165  13:03  Supply Depot  
  165  13:24  SCV x2, Marine x7  
  173  13:29  Supply Depot  
  173  13:30  Supply Depot, Marine x5, SCV  
  179  13:36  SCV  
  178  13:41  Marine  
  143  13:49  Marine x8  
  143  13:50  Siege Tank  
  143  13:55  Marine  
  153  14:01  Marine  
  122  14:03  Marine x2  
  122  14:04  Medivac x2  
  122  14:05  SCV x3  
  122  14:07  Marine x3  
  134  14:11  Command Center  
  134  14:14  Marine x6  
  140  14:19  Supply Depot  
  140  14:22  Siege Tank, Sensor Tower, Marine  
  144  14:30  Marine x4  
  148  14:31  Command Center  
  148  14:37  Marine x3  
  151  14:45  Marine x5  
  146  15:02  Orbital Command  
  146  15:06  Marine  
  146  15:07  Marine  
  147  15:12  Marine  
  147  15:13  Marine x7  
  129  15:14  Siege Tank  
  129  15:18  Marine  
  124  15:35  Marine  
  124  15:36  Marine x2  
Show
View Real Time Build Order
Export as new Build Order

Vindicta Terran - Winner!

Build Orders: Cyclone Opening 

Get SALT Encoding   

  12  0:00  SCV  
  13  0:12  SCV  
  14  0:16  Supply Depot  
  14  0:24  SCV  
  15  0:38  Barracks, SCV  
  16  0:43  Refinery  
  16  0:50  SCV  
  16  0:55  Refinery  
  17  1:02  SCV  
  18  1:14  SCV  
  19  1:26  Orbital Command, Reaper  
  20  1:34  Supply Depot  
  20  1:46  Factory  
  20  1:53  SCV  
  21  1:58  Reaper  
  22  2:05  SCV  
  23  2:17  SCV  
  23  2:26  Command Center  
  25  2:30  Cyclone, SCV  
  25  2:35  Barracks Reactor  
  26  2:43  Supply Depot, SCV  
  27  2:55  SCV  
  27  2:56  Starport  
  27  3:03  Cyclone  
  27  3:07  SCV  
  28  3:15  Marine x2  
  28  3:19  SCV  
  31  3:31  SCV  
  31  3:32  Marine  
  31  3:33  Medivac, Marine  
  36  3:35  Factory Tech Lab  
  36  3:43  SCV  
  36  3:50  Marine  
  36  3:53  Siege Tank  
  36  3:55  Bunker, Marine, SCV  
  42  4:03  Viking  
  42  4:08  SCV  
  45  4:15  Orbital Command  
  45  4:18  Marine  
  45  4:19  Marine  
  45  4:22  SCV  
  48  4:28  Siege Tank  
  51  4:34  SCV  
  51  4:35  Starport Tech Lab  
  51  4:36  Marine  
  51  4:37  Marine  
  54  4:49  SCV  
  54  4:50  Supply Depot  
  52  4:54  Marine  
  52  4:55  Marine  
  52  4:58  SCV  
  47  5:01  SCV  
  47  5:10  SCV  
  48  5:14  Marine x2  
  48  5:19  SCV  
  51  5:21  Barracks  
  51  5:22  SCV  
  51  5:24  Barracks  
  51  5:25  Siege Tank  
  55  5:32  SCV  
  55  5:34  SCV  
  57  5:36  Supply Depot  
  57  5:40  Marine  
  58  5:44  SCV  
  58  5:46  SCV  
  58  5:47  Engineering Bay  
  58  5:48  Refinery  
  60  5:51  Starport Reactor  
  60  5:53  Marine  
  60  5:56  SCV  
  62  5:58  Supply Depot  
  62  6:02  Siege Tank  
  62  6:03  Marine, SCV  
  67  6:08  SCV  
  68  6:11  Marine  
  68  6:13  Stimpack  
  68  6:15  SCV  
  68  6:18  Barracks Reactor  
  69  6:20  Refinery  
  63  6:26  Marine, SCV  
  63  6:28  SCV  
  63  6:29  Marine  
  63  6:30  Medivac  
  63  6:39  Barracks, SCV  
  61  6:40  Barracks  
  61  6:43  Medivac  
  61  6:44  Marine  
  61  6:46  SCV  
  64  6:50  Marine  
  64  6:51  SCV  
  64  6:52  Terran Infantry Weapons Level 1  
  66  6:55  Supply Depot  
  66  6:56  Marine  
  66  6:58  Marine  
  69  7:02  Marine  
  69  7:05  SCV  
  71  7:08  Marine  
  71  7:10  Supply Depot  
  71  7:14  Marine  
  73  7:17  Medivac  
  73  7:21  Medivac  
  76  7:24  Marine  
  76  7:25  Marine  
  76  7:26  Marine  
  76  7:29  Marine x2  
  80  7:30  Marine  
  80  7:32  Siege Tank  
  80  7:33  Marine  
  85  7:42  Marine  
  86  7:49  Supply Depot  
  86  7:50  Supply Depot  
  86  7:52  Combat Shield  
  86  7:57  Barracks Reactor x2  
  86  8:05  Command Center  
  86  8:10  Marine x4  
  86  8:11  SCV  
  86  8:12  Supply Depot x2  
  91  8:14  Siege Tank  
  91  8:18  SCV  
  95  8:23  SCV  
  95  8:24  Medivac  
  98  8:27  Medivac  
  98  8:29  Marine  
  100  8:35  Marine  
  100  8:36  Supply Depot  
  97  8:46  Terran Infantry Armor Level 1, Marine  
  97  8:47  Marine  
  97  8:48  Marine  
  84  8:49  Marine  
  84  8:50  Marine  
  84  8:51  SCV  
  76  8:58  Marine  
  76  8:59  Marine, Engineering Bay  
  76  9:00  Armory  
  76  9:09  Siege Tank  
  79  9:10  Liberator  
  79  9:11  Liberator  
  79  9:13  Marine  
  79  9:15  Marine  
  79  9:16  Marine  
  84  9:19  Marine  
  84  9:21  Marine  
  84  9:22  Marine  
  87  9:27  Orbital Command  
  87  9:28  Marine  
  87  9:29  Marine  
  87  9:30  Marine  
  90  9:40  Marine x2  
  90  9:42  Siege Tank  
  90  9:44  Marine x2  
  97  9:51  Marine  
  98  9:56  Liberator x2  
  104  10:03  Marine x3  
  100  10:07  Marine  
  100  10:10  Marine x2  
  100  10:14  Siege Tank  
  105  10:24  Marine  
  94  10:33  Marine  
  94  10:35  Marine x5  
  98  10:38  Marine x2  
  98  10:39  Medivac  
  98  10:42  Marine  
  104  10:46  Terran Infantry Weapons Level 2  
  103  10:50  Marine  
  103  10:52  Marine  
  103  10:53  Marine  
  103  10:54  Terran Infantry Armor Level 2, Supply Depot  
  100  10:58  Marine  
  100  10:59  Marine  
  100  11:01  Marine  
  100  11:02  SCV  
  100  11:03  Marine x2, SCV  
  107  11:04  Marine  
  107  11:08  Medivac  
  110  11:13  Marine  
  110  11:14  Marine  
  113  11:20  Siege Tank, Marine  
  113  11:24  Marine x2  
  115  11:29  Marine x2  
  115  11:30  Marine  
  116  11:34  Marine  
  116  11:36  Medivac  
  116  11:38  Marine  
  116  11:39  Marine  
  117  11:43  Marine  
  117  11:45  Marine  
  117  11:47  Marine  
  120  11:48  Marine  
  120  11:49  SCV  
  120  11:50  SCV  
  123  11:58  SCV, Marine x2  
  126  12:02  SCV  
  126  12:03  Marine  
  126  12:04  Marine x2  
  129  12:12  Marine  
  129  12:13  Marine x3  
  121  12:18  Marine x2  
  121  12:21  Marine  
  121  12:22  Marine  
  115  12:26  Marine  
  115  12:27  Medivac  
  115  12:30  Marine  
  115  12:35  Siege Tank  
  120  12:38  Marine  
  120  12:39  Marine  
  120  12:42  Marine  
  120  12:45  Marine  
  120  12:49  Marine  
  120  12:51  Marine  
  122  13:03  Marine  
  124  13:08  Orbital Command  
  124  13:10  Marine  
  124  13:11  Marine  
  125  13:17  Marine  
  125  13:19  Marine  
  123  13:25  Marine  
  125  13:30  Marine  
  124  13:44  Marine x3  
  124  13:46  Marine  
  88  13:50  Marine  
  84  13:56  Marine  
  84  13:58  Marine  
  76  14:06  Medivac  
  76  14:07  Marine  
  76  14:09  Marine  
  78  14:11  Marine  
  78  14:12  Medivac  
  78  14:14  Marine  
  82  14:18  Marine  
  82  14:24  Siege Tank  
  87  14:27  Marine  
  87  14:32  Marine x4  
  87  14:37  Marine  
  92  14:40  Orbital Command  
  92  14:45  Marine x2  
  82  14:53  Marine  
  82  14:55  Marine x3  
  82  14:56  Marine  
  85  15:04  Marine  
  84  15:09  Orbital Command  
  84  15:12  Marine  
  84  15:16  Marine  
  84  15:22  Marine x2  
  86  15:32  Marine  
  86  15:33  Marine  
Tags
 
Add a new tag
Caveats
  • Supply blocks, unpowered buildings, or Contaminate may cause inaccurate times.
  • Supply counts are checked every 10 seconds.